 Dungeon Crawl Stone Soup version 0.20-a0-544-g2b9a704 (webtiles) character file.

119305 krabocopter the Spry (level 15, -10/78 HPs)
             Began as a Spriggan Enchanter on Feb 3, 2016.
             Was the Champion of Dithmenos.
             Killed by the raging water
             ... invoked by a water nymph
              (26 damage)
             ... on level 4 of the Shoals on Jan 31, 2017.
             The game lasted 02:49:43 (28363 turns).

krabocopter the Spry (Spriggan Enchanter)          Turns: 28363, Time: 02:49:44

Health: -10/78     AC:  4    Str: 15    XL:     15   Next: 97%
Magic:  29/29      EV: 35    Int: 21    God:    Dithmenos [******]
Gold:   1939       SH: 10    Dex: 20    Spells: 17/32 levels left

rFire    . . .     SeeInvis +   U - +7 captain's cutlass {speed, disarm}
rCold    . . .     Gourm    .   C - +2 robe of Makhleb's Pride {Str+4}
rNeg     . . .     Faith    +   O - +1 buckler
rPois    .         Spirit   .   (helmet restricted)
rElec    .         Reflect  .   (no cloak)
rCorr    .         Harm     .   (gloves unavailable)
MR       ++++.                  (boots unavailable)
Stlth    +++++++...             G - amulet of faith
Regen    0.3/turn               q - +5 ring of strength
                                K - ring of the Mage {Wiz MR++ Int+3}

@: wreathed by umbra, very quick
A: unfitting armour, see invisible, herbivore 3, speed 3, slow metabolism 2
}: 1/15 runes: barnacled
a: Shadow Step, Shadow Form, Renounce Religion


You were on level 4 of the Shoals.
You worshipped Dithmenos.
Dithmenos was exalted by your worship.
You were not hungry.

You visited 4 branches of the dungeon, and saw 27 of its levels.
You also visited: Ossuary.

You collected 1939 gold pieces.

Inventory:

Hand Weapons
 x - the +6 whip "Yginair" {venom, rC+ MR+ MP+9}
   (You took it off a centaur warrior on level 15 of the Dungeon)

   It poisons the flesh of those it strikes.
   It protects you from cold.
   It affects your resistance to hostile enchantments.
   It affects your magic capacity (+9).
 U - the +7 captain's cutlass (weapon) {speed, disarm}
   (You found it on level 4 of the Shoals)

   Attacks with this weapon are significantly faster.
Armour
 C - the +2 robe of Makhleb's Pride (worn) {Str+4}
   (You found it on level 15 of the Dungeon)

   It affects your strength (+4).
 O - a +1 buckler (worn)
Magical Staves
 c - an uncursed staff of power
 J - an uncursed staff of wizardry
Jewellery
 i - an uncursed ring of poison resistance
 q - a +5 ring of strength (right hand)
 r - an uncursed ring of ice
 B - an uncursed ring of protection from fire
 G - an amulet of faith (around neck)
 K - the ring of the Mage (left hand) {Wiz MR++ Int+3}
   (You found it on level 4 of the Shoals)

   [ring of wizardry]

   It improves your spell success rate.
   It affects your intelligence (+3).
   It affects your resistance to hostile enchantments.
Wands
 I - a wand of lightning (9/15)
 L - a wand of confusion (48/48)
Scrolls
 e - 3 scrolls of brand weapon
 f - 9 scrolls of remove curse
 k - 12 scrolls of identify
 p - 8 scrolls of teleportation
 s - 5 scrolls of recharging
 t - 2 scrolls of blinking
 y - 5 scrolls of fog
 P - 2 scrolls of fear
 R - 4 scrolls of enchant weapon
 S - a scroll of amnesia
 Y - 2 scrolls of enchant armour
Potions
 a - 5 potions of heal wounds
 g - 2 potions of mutation
 h - 2 potions of brilliance
 j - 5 potions of flight
 n - 2 potions of might
 o - a potion of haste
 E - 3 potions of curing
 H - a potion of agility
 M - 3 potions of invisibility {unknown}
 N - a potion of magic
 Q - a potion of resistance {unknown}
 T - a potion of cure mutation
 W - a potion of cancellation {unknown}
 X - a potion of ambrosia {unknown}
Books
 b - Sif Muna's Grimoire of Combed Thunderclap
   (You found it on level 14 of the Dungeon)

   Spells                             Type                      Level
   a - Lightning Bolt                 Conjuration/Air              5
   b - Silence                        Hexes/Air                    5
 F - a book of Power

   Spells                             Type                      Level
   a - Fulminant Prism                Conjuration/Hexes            4
   b - Iskenderun's Mystic Blast      Conjuration                  4
   c - Venom Bolt                     Conjuration/Poison           5
   d - Bolt of Magma                  Conjuration/Fire/Earth       5
   e - Iron Shot                      Conjuration/Earth            6
   f - Orb of Destruction             Conjuration                  7
   g - Spellforged Servitor           Conjuration/Summoning        7
 Z - the Tome of Supportive Contamination
   (You found it on level 4 of the Lair of Beasts)

   Spells                             Type                      Level
   a - Summon Guardian Golem          Hexes/Summoning              3
   b - Spider Form                    Transmutation/Poison         3
   c - Olgreb's Toxic Radiance        Poison                       4
   d - Summon Lightning Spire         Summoning/Air                4
   e - Aura of Abjuration             Summoning                    5
Miscellaneous
 u - a fan of gales
Comestibles
 d - 16 bread rations
 l - 15 fruits
 v - 12 royal jellies
 A - a royal jelly


   Skills:
 + Level 8.9 Fighting
 + Level 12.7 Short Blades
 - Level 18.6 Dodging
 - Level 18.0 Stealth
 - Level 7.4 Shields
 - Level 9.0 Spellcasting
 - Level 12.0 Hexes
 - Level 5.0 Ice Magic


You had 17 spell levels left.
You knew the following spells:

 Your Spells              Type           Power        Failure   Level  Hunger
a - Corona                Hex            ######.      1%          1    None
b - Ensorcelled Hibernat  Hex/Ice        #####.       1%          2    None
c - Confuse               Hex            ######..     1%          3    None
d - Dazzling Spray        Conj/Hex       ####..       1%          3    None
e - Tukima's Dance        Hex            ######..     1%          3    None
f - Gell's Gravitas       Hex/Tloc       ####......   1%          3    None


Dungeon Overview and Level Annotations

Branches:
Dungeon (15/15) Temple (1/1) D:4 Lair (7/8) D:8 Shoals (4/4) Lair:6 Snake (0/4) Lair:3 Slime (0/6) Lair:7 Orc (0/2) D:10 Vaults (0/5) D:12 D:13 Depths (0/5) D:15

Altars:
Ashenzari
Cheibriados
Dithmenos
Elyvilon
Fedhas
Gozag
Kikubaaqudgha
Nemelex Xobeh
Okawaru
Qazlal
Ru
Sif Muna
Trog
Vehumet
Xom
Zin
The Shining One
Beogh
Jiyva

Shops:
D:6 (

Annotations:
D:13 Norris
Shoals:2 Donald
Shoals:4 Ilsuiw


Innate Abilities, Weirdness & Mutations

You are very small and have problems with some larger weapons.
You are too small for most types of armour.
You have supernaturally acute eyesight. (SInv)
You are a herbivore.
You cover ground extremely quickly.
You need consume almost no food.


Message History

The sea snake is lightly wounded.
Your shadow hits the sea snake with a cutlass.
Aiming: Shadow Step
Press: ? - help, Dir - move target cursor, f - you You cannot target yourself.
Okay, then.
Unknown command.
You enter the shallow water.
Moving in this stuff is going to be slow.
The water nymph points at you and mumbles some strange words.
The water swirls and strikes you! You block the sea snake's attack.
You enter the shallow water.
Moving in this stuff is going to be slow.
The water nymph casts a spell at you. The water swirls and strikes you!
* * * LOW HITPOINT WARNING * * *
The water nymph points at you and mumbles some strange words.
The water swirls and strikes you!
You die...

≈≈≈≈≈P≈≈.###.##≈≈≈##.†..≈≈≈≈≈
≈≈≈≈≈≈≈≈.###.≈#####......≈≈≈≈
≈≈≈≈≈≈PP......≈≈≈≈≈...)..≈≈≈≈
≈≈≈≈≈PP≈.....≈≈≈≈≈≈..[[..≈≈≈≈
≈≈≈≈≈≈≈..##.≈≈≈≈≈≈≈.....≈≈≈≈.
≈≈≈≈≈≈≈m.#..≈≈≈≈≈≈)≈...≈≈≈≈##
≈≈≈≈≈≈..###.≈%<≈≈≈≈≈≈≈≈≈≈≈##.
≈≈≈≈≈≈≈≈###≈≈..≈≈≈≈≈≈≈≈≈≈≈#≈≈
≈≈≈≈≈≈m≈m.≈S@..≈≈≈≈≈≈≈≈≈≈≈#≈≈
≈≈≈≈≈≈≈≈≈.≈≈≈..≈≈≈≈≈≈≈≈≈≈≈#≈≈
≈≈≈≈≈≈≈≈≈≈≈≈≈≈≈≈≈≈≈≈≈≈≈≈≈≈##≈
≈≈≈≈≈≈≈≈≈≈≈≈≈≈≈≈≈≈≈≈≈≈≈≈≈≈≈##
≈≈≈≈≈≈≈≈≈≈≈≈P≈≈≈≈≈≈≈≈≈≈≈≈≈≈≈≈
≈≈≈≈≈≈≈≈≈≈≈≈≈≈≈≈≈≈≈≈≈≈≈


≈PP ≈≈≈≈≈≈≈≈≈≈≈≈≈≈≈≈≈≈≈≈≈≈≈ ≈P≈ ≈≈≈≈≈≈≈≈≈≈≈≈≈≈≈≈≈≈≈≈≈ ≈≈P ≈≈≈≈≈≈≈≈≈≈≈≈≈≈≈≈≈ P≈P
You could see a sea snake, a merfolk and a water nymph.

Vanquished Creatures
  Snorg (Lair:4)
  A spark wasp (shapeshifter) (D:15)
  3 merfolk javelineers (Shoals:4)
  A merfolk impaler (Shoals:3)
  A fire dragon (D:15)
  4 hydras
  2 merfolk avatars (Shoals:4)
  The ghost of Azzok the Basher, a novice TrFi (D:8)
  An anaconda (Lair:4)
  5 centaur warriors
  A death knight (D:12)
  8 merfolk aquamancers
  3 ogre magi (D:15)
  A tengu warrior (D:15)
  2 ghosts
  7 sea snakes
  2 unseen horrors
  An unseen horror (shapeshifter) (D:15)
  4 removed MONS_HILL_GIANTs
  12 harpies
  2 deep elf magi
  2 orc knights
  A removed MONS_GRIFFON (D:13)
  13 manticores
  7 fauns
  8 ugly things
  A cyclops (D:15)
  A black mamba (shapeshifter) (D:15)
  9 black mambas
  6 merfolk sirens
  2 water nymphs
  Psyche (D:11)
  A gargoyle (D:15)
  A torpor snail (Lair:6)
  13 spiny frogs
  12 komodo dragons
  A komodo dragon (shapeshifter) (D:15)
  A tengu conjurer (D:15)
  15 two-headed ogres
  A queen bee (shapeshifter) (D:15)
  6 trolls
  15 merfolk
  4 wind drakes
  20 blink frogs
  3 slime creatures (D:15)
  A dream sheep (Lair:6)
  8 snapping turtles
  4 shadows
  2 wyverns
  17 humans
  24 yaks
  A yak (shapeshifter) (D:15)
  14 water elementals
  A human (shapeshifter) (D:14)
  8 hippogriffs
  3 hungry ghosts
  A golden eye (shapeshifter) (D:15)
  2 vampire mosquitoes (D:14)
  4 basilisks
  2 nagas (Lair:3)
  A soldier ant (D:12)
  15 water moccasins
  10 porcupines
  7 orc warriors
  A floating eye (shapeshifter) (D:15)
  A black bear (D:8)
  A phantom (D:8)
  3 ice beasts
  A sky beast (D:8)
  10 ogres
  2 eyes of draining
  A removed MONS_WASP (D:11)
  A necrophage (D:7)
  13 wolves
  7 boggarts
  10 centaurs
  11 crocodiles
  2 big kobolds
  15 bullfrogs
  2 elf skeletons (D:5)
  3 wyvern skeletons
  2 scorpions
  3 killer bees (D:8)
  2 vampire bats (D:3)
  10 wights
  2 bullfrog zombies
  2 centaur zombies
  5 crimson imps
  A quasit (D:8)
  6 hounds
  5 jellies
  9 orc priests
  2 bullfrog skeletons
  5 centaur skeletons
  3 human skeletons (D:5)
  10 iguanas
  6 orc wizards
  8 worker ants
  4 removed
  MONS_SHEEPs (D:7)
  A killer bee zombie (D:11)
  A hound zombie (D:5)
  2 gnolls (D:6)
  7 adders
  5 shadow imps
  5 oozes
  An adder zombie (D:5)
  2 adder skeletons
  6 worms
  6 leopard geckos
  59 orcs
  A ball python (D:2)
  10 bats
  4 giant cockroaches
  7 hobgoblins
  4 jackals
  3 quokkas
  A gnoll zombie (Ossuary)
  15 goblins
  2 hobgoblin zombies (Ossuary)
  17 kobolds
  A kobold zombie (Ossuary)
  An orc skeleton (D:5)
  2 orc zombies (Ossuary)
  A quokka skeleton (D:5)
  A quokka zombie (D:5)
  8 rats
  A plant (Shoals:3)
675 creatures vanquished.

Vanquished Creatures (others)
  A quokka (D:3)
  6 fungi
  8 plants
15 creatures vanquished.

Grand Total: 690 creatures vanquished

Notes
Turn   | Place    | Note
-------+----------+-------------------------------------------
     0 | D:1      | krabocopter the Spriggan Enchanter began the quest for the Orb.
     0 | D:1      | Reached XP level 1. HP: 9/9 MP: 5/5
   507 | D:1      | Reached XP level 2. HP: 13/13 MP: 6/6
   527 | D:1      | Reached skill level 5 in Stealth
  1286 | D:2      | Found a deep blue altar of Sif Muna.
  1427 | D:2      | Found a stormy altar of Qazlal.
  1451 | D:2      | Learned a level 2 spell: Ensorcelled Hibernation
  1554 | D:2      | Found an opulent altar of Gozag.
  1765 | D:2      | Found an iron altar of Okawaru.
  1798 | D:2      | Reached XP level 3. HP: 13/16 MP: 8/8
  2867 | D:3      | Found a white marble altar of Elyvilon.
  2980 | D:3      | Reached XP level 4. HP: 18/21 MP: 9/9
  2996 | D:3      | Reached XP level 5. HP: 14/24 MP: 10/10
  3747 | D:4      | Found an oddly glowing altar of Pakellas.
  3774 | D:4      | Found a staircase to the Ecumenical Temple.
  3784 | Temple   | Entered the Ecumenical Temple
  4006 | Temple   | Became a worshipper of Dithmenos the Shadowed
  4478 | D:4      | Found an oddly glowing altar of Pakellas.
  4478 | D:4      | Noticed a fire dragon
  4780 | D:5      | Entered Level 5 of the Dungeon
  4900 | D:5      | Reached XP level 6. HP: 22/28 MP: 11/11
  4919 | D:5      | Found an ancient bone altar of Kikubaaqudgha.
  5147 | D:5      | Reached skill level 5 in Short Blades
  5178 | D:5      | Found a sand-covered staircase.
  5216 | Ossuary  | Entered an ossuary
  5603 | D:5      | Reached XP level 7. HP: 22/32 MP: 12/12
  5789 | D:5      | Reached * piety under Dithmenos
  6249 | D:6      | Found Ukyvyam's Weapon Boutique.
  6272 | D:6      | Reached skill level 5 in Hexes
  6529 | D:6      | Found an iron altar of Okawaru.
  7071 | D:7      | Found a snail-covered altar of Cheibriados.
  7255 | D:7      | Learned a level 3 spell: Confuse
  7323 | D:7      | Reached XP level 8. HP: 36/36 MP: 15/15
  7384 | D:7      | Reached ** piety under Dithmenos
  7875 | D:8      | Reached skill level 10 in Hexes
  7971 | D:8      | Found a shattered altar of Ashenzari.
  8065 | D:8      | Reached skill level 1 in Fighting
  8208 | D:8      | Reached skill level 5 in Dodging
  8208 | D:8      | Reached XP level 9. HP: 35/42 MP: 16/16
  8402 | D:8      | Found a staircase to the Lair.
  8440 | D:8      | Noticed Azzok's ghost (novice TrFi)
  8457 | D:8      | Reached *** piety under Dithmenos
  8479 | D:8      | Killed Azzok's ghost
  8479 | D:8      | Reached skill level 10 in Dodging
  8859 | D:9      | Noticed a troll
  8862 | D:9      | Killed a troll
  9106 | D:9      | Found a sacrificial altar of Ru.
  9152 | D:9      | Found a shimmering altar of Xom.
  9152 | D:9      | Found a shimmering altar of Xom.
  9741 | D:10     | Entered Level 10 of the Dungeon
  9768 | D:10     | Reached XP level 10. HP: 49/49 MP: 14/17
  9788 | D:10     | Noticed an orc knight
  9811 | D:10     | Noticed a hill giant
  9816 | D:10     | Killed a hill giant
  9816 | D:10     | Reached skill level 10 in Stealth
  9924 | D:10     | Found a roughly hewn altar of Beogh.
  9924 | D:10     | Found a staircase to the Orcish Mines.
 10043 | D:10     | Reached **** piety under Dithmenos
 10272 | D:10     | Killed an orc knight
 10909 | D:11     | Noticed a hill giant
 10932 | D:11     | Killed a hill giant
 10932 | D:11     | Reached skill level 5 in Spellcasting
 11038 | D:11     | Found a flagged portal.
 11272 | D:11     | Found an ancient bone altar of Kikubaaqudgha.
 11467 | D:11     | Noticed Psyche
 11474 | D:11     | Killed Psyche
 11474 | D:11     | Reached skill level 5 in Fighting
 11730 | D:12     | Reached ***** piety under Dithmenos
 11739 | D:12     | Reached XP level 11. HP: 43/56 MP: 8/21
 12584 | D:12     | Reached skill level 10 in Short Blades
 12598 | D:12     | Noticed a death knight
 12610 | D:12     | Noticed a white ugly thing
 12617 | D:12     | Killed a white ugly thing
 12737 | D:12     | Killed a death knight
 13012 | D:13     | Found a gate to the Vaults.
 13012 | D:13     | Noticed a hill giant
 13012 | D:13     | Noticed an orc knight
 13012 | D:13     | Noticed Norris
 13320 | D:12     | Upgraded the game from 0.18-a0-1225-g5d63bca to 0.18-a0-1229-ge9a1a01
 13450 | D:12     | Noticed an unseen horror
 13463 | D:12     | Killed an orc knight
 13473 | D:12     | Killed an unseen horror
 13653 | D:12     | Noticed a hill giant
 13668 | D:12     | Killed a hill giant
 13889 | D:12     | Reached skill level 1 in Ice Magic
 14034 | D:13     | Found an iron altar of Okawaru.
 14038 | D:13     | Noticed a centaur warrior
 14234 | D:12     | Reached XP level 12. HP: 59/61 MP: 15/22
 14483 | D:13     | Noticed a centaur warrior
 14489 | D:13     | Killed a centaur warrior
 14883 | D:13     | Noticed a centaur warrior
 14903 | D:13     | Killed a centaur warrior
 14903 | D:13     | Reached skill level 15 in Stealth
 14981 | D:13     | Noticed a centaur warrior
 14998 | D:13     | Killed a centaur warrior
 15131 | D:13     | Learned a level 3 spell: Dazzling Spray
 15207 | D:14     | Upgraded the game from 0.18-a0-1229-ge9a1a01 to 0.20-a0-540-ge6d1839
 15410 | D:14     | Identified Sif Muna's Grimoire of Combed Thunderclap
 15425 | D:14     | Learned a level 3 spell: Tukima's Dance
 15765 | D:14     | Noticed a two-headed ogre
 15778 | D:14     | Noticed a two-headed ogre
 15822 | D:15     | Entered Level 15 of the Dungeon
 15823 | D:15     | Noticed a four-headed hydra
 15831 | D:15     | Killed a four-headed hydra
 15942 | D:15     | Noticed a two-headed ogre
 15959 | D:15     | Killed a two-headed ogre
 15977 | D:15     | Noticed a two-headed ogre
 15979 | D:15     | Noticed an ogre mage
 15979 | D:15     | Noticed a two-headed ogre
 15980 | D:15     | Noticed a two-headed ogre
 16109 | D:15     | Noticed a centaur warrior
 16118 | D:15     | Killed a centaur warrior
 16120 | D:15     | Got a brightly glowing whip {venom}
 16129 | D:15     | Identified the +6 whip "Yginair" {venom, rC+ MR+ MP+9} (You took it off a centaur warrior on level 15 of the Dungeon)
 16137 | D:15     | Noticed a two-headed ogre
 16146 | D:15     | Noticed an ogre mage
 16148 | D:15     | Noticed a two-headed ogre
 16148 | D:15     | Noticed a two-headed ogre
 16152 | D:15     | Noticed a two-headed ogre
 16152 | D:15     | Killed a two-headed ogre
 16159 | D:15     | Killed an ogre mage
 16159 | D:15     | Reached XP level 13. HP: 33/65 MP: 17/27
 16439 | D:15     | Noticed a fire dragon
 16447 | D:15     | Killed a fire dragon
 16453 | D:15     | Got a crude robe
 16464 | D:15     | Identified the +2 robe of Makhleb's Pride {Str+4} (You found it on level 15 of the Dungeon)
 16523 | D:15     | Reached skill level 15 in Dodging
 16793 | D:15     | Reached ****** piety under Dithmenos
 17487 | D:15     | Found a staircase to the Depths.
 17499 | D:15     | Noticed an ettin
 17499 | D:15     | an ettin changed into a queen ant
 17506 | D:15     | Noticed an entropy weaver
 17506 | D:15     | a queen ant changed into an entropy weaver
 17514 | D:15     | Noticed an entropy weaver
 17519 | D:15     | Noticed a spark wasp
 17519 | D:15     | an entropy weaver changed into a spark wasp
 17529 | D:15     | Killed a spark wasp
 17529 | D:15     | Reached skill level 5 in Ice Magic
 17689 | D:15     | Paralysed by a floating eye for 3 turns
 18029 | Lair:1   | Entered Level 1 of the Lair of Beasts
 18100 | Lair:1   | Reached XP level 14. HP: 70/70 MP: 12/28
 18406 | Lair:1   | Identified a scroll of acquirement
 20522 | Lair:3   | Found a staircase to the Snake Pit.
 21079 | Lair:4   | Reached skill level 1 in Shields
 21165 | Lair:4   | Noticed Snorg
 21173 | Lair:4   | Killed Snorg
 21436 | Lair:4   | Identified the Tome of Supportive Contamination
 22640 | Lair:5   | Reached skill level 5 in Shields
 22862 | Lair:6   | Found a staircase to the Shoals.
 23825 | Lair:7   | Found a runed door.
 23826 | Lair:7   | Found a viscous altar of Jiyva.
 23826 | Lair:7   | Found a staircase to the Slime Pits.
 23974 | Lair:6   | Upgraded the game from 0.20-a0-540-ge6d1839 to 0.20-a0-544-g2b9a704
 24205 | Shoals:1 | Entered Level 1 of the Shoals
 24219 | Shoals:1 | Reached XP level 15. HP: 40/73 MP: 23/29
 25495 | Shoals:2 | You fall through a shaft!
 25511 | Shoals:2 | Noticed Donald
 25535 | Shoals:2 | Found a runed door.
 26007 | Shoals:4 | Entered Level 4 of the Shoals
 27533 | Shoals:3 | Learned a level 3 spell: Gell's Gravitas
 27752 | Shoals:4 | Got a barnacled rune of Zot
 27816 | Shoals:4 | Noticed Ilsuiw
 28363 | Shoals:4 | Killed from afar by a water nymph

Vault maps used:
D:1:      minmay_arrival_four_houses, hangedman_glass_teeth
D:2:      grunt_qazlal_sundering, nicolae_overflow_crystal_walls,
          lemuel_crystal_altar, first_bread, grunt_gozag_statues
D:3:      elyvilon_altar_4, roderic_batcave
D:4:      kennysheep_mini, minmay_temple_entry_overgrown,
          gammafunk_pakellas_cloud_experiment
D:5:      kiku_gazebo_pond_becter, nicolae_ossuary_entry_catacombs
D:6:      serial_shops, shop, okawaru_altar_gauntlet_db
D:7:      lemuel_crystal_altar, gammafunk_temple_overflow_pools, grunt_livestock
D:8:      cheibrodos_ashenzari_chains, lair_0_dummy
D:9:      old_standard_altar, xom_shifter_show
D:10:     david_orc_5
D:11:     enter_bailey_3, basic_altar, uniq_psyche
D:12:     minmay_misc_feat_ornament, mrwooster_statue_mirror
D:13:     david_vaults_3, portal_ice_cave_entry_pillars_02, basic_altar
D:14:     infiniplex_staircase_spiral_double, minivault_22, glass_columns_b,
          bh_hangedman_babel_library
D:15:     gammafunk_enter_depths_forms, minmay_misc_feat_roman
Temple:   minmay_temple_curvy_8
Lair:2:   beast_lair_carwin_large_3
Lair:3:   guppyfry_snake_entry_garden, cheibrodos_lair_caveside_slide
Lair:4:   beast_lair_carwin_large_1, eino_small_chamber_without_monster,
          infiniplex_staircase_pool, uniq_snorg
Lair:5:   beast_lair_carwin_10, serial_bayou_shore_a, lemuel_fruit_fields
Lair:6:   minmay_shoals_entry_beasts
Lair:7:   slime_altar_2, nicolae_quartered_pool_super,
          grunt_forest_stairs_clearing
Shoals:1: hangedman_shoal_volcano
Shoals:2: lightli_airlock, uniq_aizul, uniq_donald
Shoals:4: shoals_end_simple, shoals_ilsuiw_alternative
Ossuary:  ossuary_tomb_3

Skill      XL: |  1  2  3  4  5  6  7  8  9 10 11 12 13 14 15 |
---------------+----------------------------------------------+-----
Stealth        | 5 6 7 8 12 14 18 | 18.0
Short Blades   | 5 10 12 | 12.7
Hexes          | 5 10 12 | 12.0
Fighting       | 1 5 8 |  8.9
Dodging        | 5 10 13 17 18 | 18.6
Spellcasting   | 5 |  9.0
Ice Magic      | 1 5 |  5.0
Shields        | 6 7 |  7.4

Action                   |  1- 3 |  4- 6 |  7- 9 | 10-12 | 13-15 || total
-------------------------+-------+-------+-------+-------+-------++-------
Melee: Dagger            |   101 |     8 |       |     2 |       ||   111
       Short sword       |    31 |   156 |   290 |   468 |       ||   945
       Short sword       |       |       |       |    79 |   395 ||   474
       Dagger            |       |       |       |       |   290 ||   290
       Cutlass           |       |       |       |       |   143 ||   143
       Rapier            |       |       |       |       |    11 ||    11
 Cast: Ensorcelled Hiber |       |       |    30 |    80 |       ||   110
       Confuse           |       |       |    31 |    61 |       ||    92
       Confuse           |       |       |       |    18 |   116 ||   134
       Ensorcelled Hiber |       |       |       |    11 |   245 ||   256
Invok: Shadow Step       |       |       |       |     2 |       ||     2
       Shadow Step       |       |       |       |       |     3 ||     3
  Use: Scroll            |       |     2 |     2 |     9 |       ||    13
       Potion            |       |       |       |     1 |     6 ||     7
       Scroll            |       |       |       |       |    15 ||    15
 Stab: Sleeping          |    21 |    13 |    37 |    75 |       ||   146
       Distracted        |     1 |     3 |     1 |     3 |       ||     8
       Confused          |       |       |    20 |    35 |       ||    55
       Confused          |       |       |       |    15 |    60 ||    75
       Sleeping          |       |       |       |    11 |   226 ||   237
       Distracted        |       |       |       |     2 |     8 ||    10
  Eat: Fruit             |       |     2 |     8 |     9 |       ||    19
       Fruit             |       |       |       |     1 |    11 ||    12
Armor: Robe              |       |       |       |     1 |     5 ||     6
Dodge: Dodged            |       |       |       |    53 |   569 ||   622
Block: Buckler           |       |       |       |     9 |   194 ||   203
